 Dungeon Crawl Stone Soup version 0.27-a0-1442-g87b6fcb595 (webtiles) character file.

Game seed: 9277514978742561109

1354 hatdisgam the Covert (level 8, 0/59 (67) HPs)
             Began as a Gnoll Delver on July 4, 2021.
             Slain by a wight (11 damage)
             ... on level 6 of the Dungeon.
             The game lasted 00:09:57 (7117 turns).

hatdisgam the Covert (Gnoll Delver)                 Turns: 7117, Time: 00:09:57

HP:   0/59 (67)     AC:  5    Str: 12 (13) XL:     8   Next: 63%
MP:   13/13         EV: 13    Int:  7 (10) God:
Gold: 285           SH:  5    Dex: 12 (14) Spells: 10/13 levels left

rFire    + . .     SeeInvis .   a - +7 trident of Wewofi {vorpal, +Rage rElec rF+ Will-}
rCold    . . .     Faith    .   i - +1 buckler
rNeg     . . .     Spirit   .   s - +0 leather armour
rPois    .         Reflect  .   z - +0 helmet
rElec    +         Harm     .   (no cloak)
rCorr    .         Rampage  .   y - +0 pair of gloves
Will     .....                  (no boots)
Stlth    ++++......             n - amulet of magic regeneration
HPRegen  0.19/turn              (no ring)
MPRegen  0.38/turn              (no ring)

@: heavily drained
A: fangs 1, strong nose, distributed training
a: Evoke Berserk Rage


You were on level 6 of the Dungeon.
You visited 1 branch of the dungeon, and saw 6 of its levels.

You collected 285 gold pieces.

Inventory:

Hand Weapons
 a - the +7 trident of Wewofi (weapon) {vorpal, +Rage rElec rF+ Will-}
   (You found it on level 4 of the Dungeon)

   It inflicts extra damage upon your enemies.
   rF:        It protects you from fire.
   rElec:     It insulates you from electricity.
   +Rage:     It lets you go berserk.
   Will:      It decreases your willpower.
 b - a +3 vorpal hunting sling
 r - a +0 falchion
 w - a +2 dagger of venom
 A - a +1 hand axe of electrocution
Missiles
 t - 65 sling bullets
 u - 37 stones (quivered)
Armour
 i - a +1 buckler (worn)
 s - a +0 leather armour (worn)
 y - a +0 pair of gloves (worn)
 z - a +0 helmet (worn)
Jewellery
 n - an amulet of magic regeneration (around neck)
Wands
 f - a wand of iceblast (8)
 g - a wand of digging (2)
Scrolls
 c - 3 scrolls of fog
 d - a scroll of magic mapping
 e - a scroll of fear
 h - a scroll of noise
 j - 2 scrolls of enchant armour
 k - a scroll of acquirement {unknown}
 l - 2 scrolls of identify {unknown}
 m - 2 scrolls of torment {unknown}
 q - a scroll of amnesia {unknown}
 v - a scroll of vulnerability {unknown}
 x - a scroll of enchant weapon {unknown}
Potions
 o - 2 potions of degeneration
 p - 2 potions of lignification {unknown}
 B - a potion of magic {unknown}
 C - a potion of resistance {unknown}


   Skills:
 + Level 7.4 Fighting
 + Level 3.4 Short Blades
 + Level 5.8 Long Blades
 + Level 3.4 Axes
 + Level 3.4 Maces & Flails
 + Level 3.4 Polearms
 + Level 3.4 Staves
 + Level 3.4 Slings
 + Level 3.4 Bows
 + Level 3.4 Crossbows
 + Level 3.4 Throwing
 + Level 3.4 Armour
 + Level 5.8 Dodging
 + Level 10.1 Stealth
 + Level 3.4 Shields
 + Level 3.4 Unarmed Combat
 + Level 3.4 Spellcasting
 + Level 2.8 Conjurations
 + Level 2.8 Hexes
 + Level 2.8 Summonings
 + Level 2.8 Necromancy
 + Level 2.8 Translocations
 + Level 2.8 Transmutations
 + Level 2.8 Fire Magic
 + Level 2.8 Ice Magic
 + Level 2.8 Air Magic
 + Level 2.8 Earth Magic
 + Level 2.8 Poison Magic
 + Level 3.8 Invocations
 + Level 3.4 Evocations


You had 10 spell levels left.
You knew the following spells:

 Your Spells              Type           Power      Damage    Failure   Level
a - Mephitic Cloud        Conj/Pois/Air  5%         N/A       38%         3

Your spell library contained the following spells:

 Spells                   Type           Power      Damage    Failure   Level
 Magic Dart               Conj           20%        1d4       14%         1
 Call Imp                 Summ           5%         N/A       22%         2
 Poisonous Vapours        Pois/Air       10%        N/A       22%         2
 Gell's Gravitas          Tloc           2%         N/A       38%         3
 Lesser Beckoning         Tloc           2%         N/A       38%         3
 Teleport Other           Tloc           5%         N/A       38%         3
 Freezing Cloud           Conj/Ice/Air   2%         6-21      98%         5


Dungeon Overview and Level Annotations

Branches:
Dungeon (6/15)
 Temple: D:4-7

Altars:
Okawaru
Vehumet

Annotations:
D:5 2 runed translucent doors


Innate Abilities, Weirdness & Mutations

You have very sharp teeth.
Your uncanny sense of smell can sniff out nearby items.
Your experience applies equally to all skills.


Message History

A wight comes into view.
It is wielding a +4 hand axe and quivering poisoned darts.
You hit the wight.
The wight is severely damaged.
The wight hits you with a +0 scimitar.
You feel drained. The wight hits you but does no damage.
Unknown command.
Okay, then.
Okay, then.
As you read the scroll labelled FODDENGIEMP, it crumbles to dust.
It is a scroll of enchant armour.
Your +0 buckler glows green for a moment.
The wight hits you with a +0 scimitar.
You feel drained.
The wight hits you with a +1 long sword!
You feel drained. The wight misses you.
The wight hits you with a +3 long sword.
You hit the wight.
The wight is almost destroyed.
The wight hits you with a +0 scimitar.
You feel drained. The wight barely misses you.
The wight hits you with a +4 hand axe!
You feel drained.
The wight hits you with a +3 long sword!
Unknown command.
You block the wight's attack.
The wight hits you with a +1 long sword.
You feel drained. The wight misses you.
As you read the scroll labelled OMUHO OCONY, it crumbles to dust.
You hear a loud clanging noise!
It was a scroll of noise.
You hear a bark!
You hear a shout!
The wight barely misses you.
It was a potion of degeneration.
There was something very wrong with that liquid.
You feel weakened.
You feel dopey.
You feel clumsy. You block the wight's attack.
The wight hits you with a +0 scimitar.
* * * LOW HITPOINT WARNING * * *
You feel drained.
* * * LOW HITPOINT WARNING * * *
The wight hits you with a +4 hand axe!
You die...

∆ #### #§
#z@#
#§§.#zz#
#§§...z#
#≈.....#
#≈......
#≈≈≈§≈≈.§
#######+##


You could see 4 wights.

Vanquished Creatures
  An ice beast (D:4)
  4 ogres
  2 centaurs (D:5)
  A phantom (D:4)
  2 scorpions
  A hound (D:4)
  2 bullfrog skeletons
  An orc priest (D:5)
  Ijyb (D:3)
  Terence (D:3)
  5 iguanas
  2 orc wizards
  A killer bee zombie (D:6)
  Robin (D:4)
  6 adders
  2 ufetubi (D:5)
  A worm zombie (D:5)
  An adder skeleton (D:4)
  2 dart slugs
  12 orcs
  8 ball pythons
  6 endoplasms
  A giant cockroach (D:2)
  12 goblins
  7 hobgoblins
  15 jackals
  7 kobolds
  3 quokkas
  8 bats
  3 frilled lizards
  22 rats
141 creatures vanquished.

Vanquished Creatures (others)
  3 plants (D:4)
3 creatures vanquished.

Grand Total: 144 creatures vanquished

Notes
Turn   | Place    | Note
-------+----------+-------------------------------------------
     0 | D:5      | Reached skill level 9 in Stealth
     0 | D:5      | hatdisgam the Gnoll Delver began the quest for the Orb.
     0 | D:5      | Reached XP level 1. HP: 23/23 MP: 1/1
    13 | D:5      | Noticed a centaur
    47 | D:4      | Reached XP level 2. HP: 15/29 MP: 2/2
   248 | D:4      | Noticed a phantom
   279 | D:4      | Noticed a phantom
   317 | D:4      | Killed a phantom
   318 | D:4      | Reached skill level 1 in Short Blades
   318 | D:4      | Reached skill level 1 in Axes
   318 | D:4      | Reached skill level 1 in Maces & Flails
   318 | D:4      | Reached skill level 1 in Polearms
   318 | D:4      | Reached skill level 1 in Staves
   318 | D:4      | Reached skill level 1 in Slings
   318 | D:4      | Reached skill level 1 in Bows
   318 | D:4      | Reached skill level 1 in Crossbows
   318 | D:4      | Reached skill level 1 in Throwing
   318 | D:4      | Reached skill level 1 in Armour
   318 | D:4      | Reached skill level 1 in Shields
   318 | D:4      | Reached skill level 1 in Unarmed Combat
   318 | D:4      | Reached skill level 1 in Spellcasting
   318 | D:4      | Reached skill level 1 in Invocations
   318 | D:4      | Reached skill level 1 in Evocations
   318 | D:4      | Reached XP level 3. HP: 3/35 MP: 2/4
   318 | D:4      | Reached XP level 4. HP: 4/41 MP: 2/5
   616 | D:3      | Noticed Ijyb
   698 | D:2      | Reached skill level 1 in Conjurations
   698 | D:2      | Reached skill level 1 in Hexes
   698 | D:2      | Reached skill level 1 in Summonings
   698 | D:2      | Reached skill level 1 in Necromancy
   698 | D:2      | Reached skill level 1 in Translocations
   698 | D:2      | Reached skill level 1 in Transmutations
   698 | D:2      | Reached skill level 1 in Fire Magic
   698 | D:2      | Reached skill level 1 in Ice Magic
   698 | D:2      | Reached skill level 1 in Air Magic
   698 | D:2      | Reached skill level 1 in Earth Magic
   698 | D:2      | Reached skill level 1 in Poison Magic
  1111 | D:1      | Reached XP level 5. HP: 47/47 MP: 6/6
  2289 | D:3      | Killed Ijyb
  2733 | D:3      | Noticed an ogre
  2738 | D:3      | Killed an ogre
  2739 | D:3      | Reached skill level 5 in Long Blades
  2739 | D:3      | Reached skill level 5 in Dodging
  2739 | D:3      | Reached XP level 6. HP: 53/53 MP: 8/8
  3579 | D:3      | Found a faded altar of an unknown god.
  3830 | D:3      | Noticed Terence
  3841 | D:3      | Killed Terence
  4260 | D:4      | Reached XP level 7. HP: 54/59 MP: 10/10
  4623 | D:4      | Noticed Robin
  4640 | D:4      | Killed Robin
  4929 | D:4      | Identified the +7 trident of Wewofi {vorpal, +Rage rElec
                  | rF+ Will-}
  5174 | D:4      | Noticed a two-headed ogre
  5983 | D:5      | Found a radiant altar of Vehumet.
  6039 | D:5      | Found a large runed translucent door.
  6040 | D:5      | Found a large runed translucent door.
  6047 | D:5      | Reached skill level 10 in Stealth
  6047 | D:5      | Reached XP level 8. HP: 59/67 MP: 12/12
  6447 | D:5      | Learned a level 3 spell: Mephitic Cloud
  6456 | D:5      | Found an iron altar of Okawaru.
  7117 | D:6      | Slain by a wight

Illustrated notes

Levels and vault maps discovered:
D:1:      ebering_trefoil_3fold, layout_basic
D:2:      layout_basic, minmay_strange_pillars, minmay_rat_hole
D:3:      layout_basic, ebering_ecumenical_altar_rust, uniq_ijyb, uniq_terence
D:4:      minmay_evil_eye, layout_basic, serial_bayou_pond_b, chequers_garden,
          uniq_robin
D:5:      layout_basic, kennysheep_little_box, old_standard_altar,
          jmf_multi_god_temple2, enter_ossuary_3, grunt_decor_one_mirror,
          st_stairs_9
D:6:      layout_basic, lemuel_zombie_altar_yredelemnul,
          nicolae_overflow_crystal_walls, trog_ov_bears_minmay,
          kennysheep_generic_room_16

Skill      XL: |  1  2  3  4  5  6  7  8 |
---------------+-------------------------+-----
Stealth        | 10 | 10.1
Short Blades   | 1 2 3 |  3.4
Axes           | 1 2 3 |  3.4
Maces & Flails | 1 2 3 |  3.4
Polearms       | 1 2 3 |  3.4
Staves         | 1 2 3 |  3.4
Slings         | 1 2 3 |  3.4
Bows           | 1 2 3 |  3.4
Crossbows      | 1 2 3 |  3.4
Throwing       | 1 2 3 |  3.4
Armour         | 1 2 3 |  3.4
Shields        | 1 2 3 |  3.4
Unarmed Combat | 1 2 3 |  3.4
Spellcasting   | 1 2 3 |  3.4
Invocations    | 1 2 3 |  3.8
Evocations     | 1 2 3 |  3.4
Conjurations   | 1 2 |  2.8
Hexes          | 1 2 |  2.8
Summonings     | 1 2 |  2.8
Necromancy     | 1 2 |  2.8
Translocations | 1 2 |  2.8
Transmutations | 1 2 |  2.8
Fire Magic     | 1 2 |  2.8
Ice Magic      | 1 2 |  2.8
Air Magic      | 1 2 |  2.8
Earth Magic    | 1 2 |  2.8
Poison Magic   | 1 2 |  2.8
Long Blades    | 5 |  5.8
Dodging        | 5 |  5.8
Fighting       | 7 |  7.4

Action                   |  1- 3 |  4- 6 |  7- 9 || total
-------------------------+-------+-------+-------++-------
Melee: Falchion          |    22 |   149 |       ||   171
       Bite              |     1 |    19 |     4 ||    24
       Punch             |       |     1 |       ||     1
       Dagger            |       |    82 |       ||    82
       Hand axe          |       |    12 |    21 ||    33
       Trident           |       |       |   103 ||   103
 Fire: Hunting sling     |       |     6 |    25 ||    31
 Cast: Mephitic Cloud    |       |       |     1 ||     1
Evoke: Wand              |     1 |       |       ||     1
  Use: Potion            |       |     1 |     1 ||     2
       Scroll            |       |       |     2 ||     2
 Stab: Sleeping          |     2 |    25 |     9 ||    36
       Distracted        |       |       |     1 ||     1
Armor: Leather armour    |     3 |    57 |    33 ||    93
Dodge: Dodged            |    10 |   178 |    90 ||   278
Block: Buckler           |       |    41 |    27 ||    68
       Rpst.: Falchion   |     3 |    27 |       ||    30

Table legend: (Time is in decaauts)
 A = Elapsed time spent in this place.
 B = Non-inter-level travel time spent in this place.
 C = Inter-level travel time spent in this place.
 D = Time resting spent in this place.
 E = Time spent auto-exploring this place.
 F = Levels seen in this place.
 G = Mean time per level.
                   A        B        C        D        E       F      G
               +--------+--------+--------+--------+--------+-----+--------+
         Total |   7144 |   6881 |    263 |    978 |   4703 |   6 | 1190.7 |
       Dungeon |   7144 |   6881 |    263 |    978 |   4703 |   6 | 1190.7 |
               +--------+--------+--------+--------+--------+-----+--------+

Top non-repeatable levels by time:
     D:4: 2289 daAuts
     D:3: 1521 daAuts
     D:5: 1251 daAuts
     D:2: 1233 daAuts
     D:1: 801 daAuts
     D:6: 47 daAuts
